 Dungeon Crawl Stone Soup version 0.29-a0-378-gc08b2e8bf8 (webtiles) character file.

Game seed: 4568642792087237170

0 CovertPenguin the Magician (level 1, -3/15 HPs)
             Began as a Djinni Fire Elementalist on May 5, 2022.
             Slain by a hobgoblin (4 damage)
             ... on level 1 of the Dungeon.
             The game lasted 00:00:27 (36 turns).

CovertPenguin the Magician (Djinni Fire Elementalist) Turns: 36, Time: 00:00:28

Health: -3/15      AC:  2    Str:  7    XL:     1   Next: 0%
Gold:   0          EV: 12    Int: 16    God:
                   SH:  0    Dex: 13

rFire   + + .      SeeInvis .   (no weapon)
rCold   x . .      Faith    .   (no shield)
rNeg    . . .      Spirit   .   a - +0 robe
rPois   ∞          Reflect  .   (no helmet)
rElec   .          Harm     .   (no cloak)
rCorr   .          Rampage  .   (no gloves)
Will    .....                   (boots unavailable)
Stlth   ++........              (no amulet)
HPRegen 0.05/turn               (no ring)
MPRegen 0.00/turn               (no ring)

@: flying
A: sickness immunity, fire resistance 2, cold vulnerability 1, float, innate
caster, HP casting, extra vitality 1
a: no special abilities


You were on level 1 of the Dungeon.
You visited 1 branch of the dungeon, and saw 1 of its levels.

Inventory:

Missiles
 c - 2 poisoned darts
 d - 23 stones
Armour
 a - a +0 robe (worn)
Jewellery
 b - a +4 ring of evasion
   (You found it on level 1 of the Dungeon)


   Skills:
 - Level 2.1 Dodging
 - Level 1.5 Stealth
 * Level 2.4 Spellcasting


You couldn't memorise any spells.
You knew the following spells:

 Your Spells              Type           Power      Damage    Failure   Level
a - Foxfire               Conj/Fire      36%        2x1d5     8%          1
b - Scorch                Fire           18%        2d5       11%         2
c - Conjure Flame         Conj/Fire      9%         6-21      22%         3
d - Inner Flame           Hex/Fire       9%         N/A       22%         3
e - Flame Wave            Conj/Fire      9%         2d5       58%         4
Your spell library was empty.

Dungeon Overview and Level Annotations

Branches:
Dungeon (1/15)

Altars:


Innate Abilities, Weirdness & Mutations

You are immune to sickness and miasma.
You are immune to poison.
Your flesh is very heat resistant. (rF++)
You are vulnerable to cold. (rC-)
You float through the air rather than walking.
You learn spells naturally, not from books.
Your magical power is your life essence.
You have superior vitality. (+4 MHP)


Message History

Bad channel name for runrest: 'pray:' Welcome, CovertPenguin the Djinni Fire Elementalist.
The heart of this dungeon contains the magnificent artefact, the Orb of Zot.
Found an encrusted golden ring.
Found a staircase leading out of the dungeon.
You begin with the following spells memorised: Foxfire, Scorch, Conjure Flame, Inner Flame, Flame Wave.
Found a leather armour.
Found 2 poisoned darts.
Found 23 stones.
b - a +4 ring of evasion A hobgoblin comes into view.
Found 6 gold pieces.
You see here 2 poisoned darts.
c - 2 poisoned darts You see here 23 stones.
d - 23 stones A hobgoblin comes into view.
The hobgoblin shouts! x2
You conjure some foxfire!
Okay, then.
A hobgoblin is nearby!
The foxfire hits the hobgoblin.
You conjure some foxfire!
You conjure some foxfire!
The hobgoblin hits you but does no damage.
You closely miss the hobgoblin.
The foxfire hits the hobgoblin.
The foxfire hits the hobgoblin but does no damage. x3
You hit the hobgoblin but do no damage. The hobgoblin barely misses you.
The hobgoblin hits you. The hobgoblin attacks as you move away!
The hobgoblin misses you. The hobgoblin attacks as you move away!
The hobgoblin hits you.
* * * LOW HITPOINT WARNING * * *
The hobgoblin attacks as you move away! The hobgoblin closely misses you.
A rat comes into view.
You conjure some foxfire!
* * * LOW HITPOINT WARNING * * *
The hobgoblin hits you.
* * * LOW HITPOINT WARNING * * *
The hobgoblin closely misses you. The hobgoblin attacks as you move away!
The hobgoblin hits you.
You die...

#### ## ##...# ..
#.....### .#
#...$...# .# #....
#.####v###### #...
#..gg@v..r...
#####.###..###.......


#PPPPPPPP.PPPPPPPP... #PPPPPP.....PPPPPP..# #PPPP..PPPPP..PPPP...
#PPP.PPP...PPP.PPP..# #PPP.PP.PPP.PP.PPP..# #PP.PP.PP.PP.PP.PP...
#PP.P.PP.P.PP.P.P You could see 2 hobgoblins and a rat.

Vanquished Creatures (collateral kills)
  A foxfire (D:1)
1 creature vanquished.

Vanquished Creatures (others)
  5 foxfires (D:1)
5 creatures vanquished.

Grand Total: 6 creatures vanquished

Notes
Turn   | Place    | Note
-------+----------+-------------------------------------------
     0 | D:1      | CovertPenguin the Djinni Fire Elementalist began the quest
                  | for the Orb.
     0 | D:1      | Reached XP level 1. HP: 15/15 MP: 0/0
    36 | D:1      | Slain by a hobgoblin

Illustrated notes

Levels and vault maps discovered:
D:1:      roderic_crop_circles_arrival_small, layout_loops_ring,
          minmay_misc_feat_cross, minivault_4, minmay_misc_feat_columns,
          minmay_pentomino_v4

Action                   || total
-------------------------++-------
Melee: Unarmed           ||     2
 Cast: Foxfire           ||     4
Armor: Robe              ||     1
Dodge: Dodged            ||     4

Table legend: (Time is in decaauts)
 A = Elapsed time spent in this place.
 B = Non-inter-level travel time spent in this place.
 C = Inter-level travel time spent in this place.
 D = Time resting spent in this place.
 E = Time spent auto-exploring this place.
 F = Levels seen in this place.
 G = Mean time per level.
                   A        B        C        D        E       F      G
               +--------+--------+--------+--------+--------+-----+--------+
         Total |     36 |     36 |      0 |      0 |      9 |   1 |   36.0 |
       Dungeon |     36 |     36 |      0 |      0 |      9 |   1 |   36.0 |
               +--------+--------+--------+--------+--------+-----+--------+

Top non-repeatable levels by time:
     D:1: 36 daAuts
